 Dungeon Sprint DCSS version 0.28.0-43-g3370ac3207 (webtiles) character file.

Game seed: 12574509565771012086

468 boopmooplesden the Cleaver (level 6, -7/102 HPs)
             Began as a Minotaur Berserker on Mar 15, 2022.
             Was a Believer of Trog.
             Mangled by a sixfirhy (10 damage)
             ... summoned by a kobold demonologist
             ... in the Dungeon (Sprint I: "Red Sonja").
             The game lasted 00:00:40 (416 turns).

boopmooplesden the Cleaver (Minotaur Berserker)      Turns: 416, Time: 00:00:40

Health: -7/102     AC:  7    Str: 21    XL:     6   Next: 81%
Magic:  5/5        EV: 12    Int:  4    God:    Trog [**....]
Gold:   270        SH:  0    Dex: 12    Spells: 5/5 levels left

rFire   . . .      SeeInvis .   a - +0 hand axe
rCold   . . .      Faith    .   (no shield)
rNeg    . . .      Spirit   .   j - +0 scale mail
rPois   .          Reflect  .   (helmet restricted)
rElec   .          Harm     .   (no cloak)
rCorr   .          Rampage  .   (no gloves)
Will    .....      NoTele   +   (no boots)
Stlth   ..........              (no amulet)
HPRegen 0.27/turn               (no ring)
MPRegen 0.09/turn               (no ring)

@: berserking (expiring), very quick
A: horns 2, retaliatory headbutt
a: Renounce Religion, Berserk, Trog's Hand


You were in the Dungeon.
You worshipped Trog.
Trog was pleased with you.
You visited 1 branch You collected 270 gold pieces.

Inventory:

Hand Weapons
 a - a +0 hand axe (weapon)
Armour
 b - a +0 animal skin
 j - a +0 scale mail (worn)
Wands
 i - a wand of flame (13)
Scrolls
 h - a scroll of blinking
Potions
 c - a potion of curing
 d - a potion of heal wounds
 e - a potion of haste
 f - 2 potions of magic
 g - a potion of berserk rage


   Skills:
 + Level 11.3 Fighting
 + Level 11.5 Axes
 + Level 6.9 Armour
 + Level 5.5 Dodging


You had 5 spell levels left.
You didn't know any spells.
Your spell library was empty.

Dungeon Overview and Level Annotations

Branches:
Dungeon (1/1)

Altars:
Makhleb
Xom
Jiyva
Lugonu


Innate Abilities, Weirdness & Mutations

You have a pair of horns on your head.
You reflexively headbutt those who attack you in melee.


Message History

The kobold demonologist mumbles some strange words.
You barely miss the rust devil. You barely miss the rust devil.
Your headbutt misses the rust devil.
The kobold demonologist gestures wildly while chanting.
The floating eye's view fixates on you.
A kobold demonologist comes into view. It is wielding a +0 dagger.
The kobold demonologist shouts!
You slash the rust devil!
You headbutt the rust devil, but do no damage.
The rust devil is lightly wounded.
The rust devil barely misses you.
You slash the rust devil!
The rust devil is moderately wounded.
The floating eye gazes piercingly through you!
You suddenly lose the ability to move!
The sixfirhy hits you! The sixfirhy shocks you! The sixfirhy hits you.
The sixfirhy shocks you! The sixfirhy hits you. The sixfirhy shocks you!
The sixfirhy hits you! The sixfirhy shocks you!
The sixfirhy hits you but does no damage.
The sixfirhy hits you. The sixfirhy shocks you!
* * * LOW HITPOINT WARNING * * *
The sixfirhy hits you.
* * * LOW HITPOINT WARNING * * *
The sixfirhy shocks you!
* * * LOW HITPOINT WARNING * * *
The floating eye's stare focuses on you.
The kobold demonologist mumbles some strange words.
You can move again.
You hit the sixfirhy.
The sixfirhy is lightly wounded.
You miss the sixfirhy.
The sixfirhy is lightly wounded.
The sixfirhy closely misses you. You furiously retaliate!
You headbutt the sixfirhy! The sixfirhy closely misses you.
You completely miss the sixfirhy.
The sixfirhy is heavily wounded.
The sixfirhy hits you.
* * * LOW HITPOINT WARNING * * *
The sixfirhy shocks you!
You die...

######################
..'..#..'..#__#.@3GK5#
).#.)').#..'..'..#45.#
####'#####+#__#### 5.+
#..# #### ## ####


You could see a rust devil (summoned), a kobold demonologist, a sixfirhy
(summoned), a floating eye (charged), 2 quasits and a shadow imp (summoned).

Vanquished Creatures
  A slime creature (D)
  Sigmund (D)
  An ogre (D)
  Ijyb (D)
4 creatures vanquished.

Notes
Turn   | Place    | Note
-------+----------+-------------------------------------------
     0 | D        | boopmooplesden the Minotaur Berserker began the quest for
                  | the Orb.
     0 | D        | Reached XP level 1. HP: 19/19 MP: 0/0
     1 | D        | Noticed Ijyb
     8 | D        | Killed Ijyb
     9 | D        | Reached skill level 5 in Fighting
     9 | D        | Reached skill level 5 in Axes
     9 | D        | Reached XP level 2. HP: 30/30 MP: 1/1
   101 | D        | Noticed an ogre
   106 | D        | Killed an ogre
   107 | D        | Reached XP level 3. HP: 15/40 MP: 2/2
   107 | D        | Reached XP level 4. HP: 18/48 MP: 3/3
   287 | D        | Noticed Sigmund
   292 | D        | Killed Sigmund
   292 | D        | Reached ** piety under Trog
   293 | D        | Reached skill level 10 in Axes
   293 | D        | Reached skill level 5 in Armour
   293 | D        | Reached XP level 5. HP: 58/58 MP: 4/4
   293 | D        | Reached XP level 6. HP: 66/66 MP: 5/5
   350 | D        | Found a burning altar of Makhleb.
   350 | D        | Found a viscous altar of Jiyva.
   350 | D        | Found a shimmering altar of Xom.
   350 | D        | Found a corrupted altar of Lugonu.
   350 | D        | Noticed a slime creature
   356 | D        | Killed a slime creature
   357 | D        | Reached skill level 5 in Dodging
   404 | D        | Noticed a kobold demonologist
   404 | D        | Noticed a floating eye
   406 | D        | Noticed a rust devil
   407 | D        | Noticed a kobold demonologist
   408 | D        | Noticed a sixfirhy
   409 | D        | Paralysed by a floating eye for 4 turns
   416 | D        | HP: 3/102 [sixfirhy[a kobold demonologist] (6)]
   416 | D        | Mangled by a sixfirhy

Illustrated notes

Levels and vault maps discovered:
D:        dungeon_sprint_1 [red_sonja_temple_1, red_sonja_temple_small_1]

Skill      XL: |  1  2  3  4  5  6 |
---------------+-------------------+-----
Fighting       | 5 7 9 11 | 11.3
Axes           | 5 7 10 11 | 11.5
Armour         | 3 4 5 6 |  6.9
Dodging        | 3 4 5 |  5.5

Action                   |  1- 3 |  4- 6 || total
-------------------------+-------+-------++-------
Melee: Hand axe          |     9 |    15 ||    24
       Headbutt          |     4 |     3 ||     7
Invok: Berserk           |     2 |     3 ||     5
Armor: Scale mail        |       |     2 ||     2
Dodge: Dodged            |     3 |     4 ||     7
